 Dungeon Crawl Stone Soup version 0.23.2-1-ga50397a6bc (webtiles) character file.

Game seed: 7360250608693872861

200511 CedricTheThird the Severer (level 17, -18/157 HPs)
             Began as a Deep Dwarf Monk on May 17, 2019.
             Was a Priest of Elyvilon.
             Blown up by an orb spider (50 damage)
             ... with an orb of destruction
             ... on level 3 of the Spider Nest on May 22, 2019.
             The game lasted 01:59:38 (26813 turns).

CedricTheThird the Severer (Deep Dwarf Monk)       Turns: 26813, Time: 01:59:38

Health: -18/157    AC: 19    Str: 26    XL:     17   Next: 88%
Magic:  14/15      EV: 20    Int: 11    God:    Elyvilon [***...]
Gold:   2703       SH:  6    Dex: 21    Spells: 16/16 levels left

rFire    + . .     SeeInvis .   E - +5 broad axe (flame)
rCold    + + +     Gourm    .   z - +0 buckler
rNeg     + . .     Faith    .   v - +8 plate armour
rPois    +         Spirit   .   I - +2 hat {MR+}
rElec    .         Reflect  .   A - +2 cloak of the Sea {rPois rC+ Int-2 Dex+3}
rCorr    .         Harm     .   F - +0 pair of fencer's gloves {Riposte Dex+3}
MR       ++...                  (no boots)
Stlth    ..........             t - amulet of rage
HPRegen  0.00/turn              q - +3 ring of evasion
MPRegen  0.14/turn              K - ring of Resumed Hostilities {rF+ rC++ MR- Str+6 Stlth+}

@: lethally poisoned (-18 -> -18), corroded, berserk cooldown, non-regenerating,
slowed, very slow
A: damage resistance, heal wounds, negative energy resistance 1, sense
surroundings 2, no regeneration
}: 1/15 runes: decaying
a: Heal Wounds, Lesser Healing, Heal Other, Purification, Divine Protection,
Renounce Religion, Evoke Berserk Rage


You were on level 3 of the Spider Nest.
You worshipped Elyvilon.
Elyvilon was most pleased with you.
You were not hungry.

You visited 6 branches of the dungeon, and saw 31 of its levels.
You also visited: Sewer.

You collected 2703 gold pieces.

Inventory:

Hand Weapons
 E - a +5 broad axe of flaming (weapon)
Armour
 r - a +0 pair of gloves
 v - a +8 plate armour (worn)
 y - a +0 cloak
 z - a +0 buckler (worn)
 A - the +2 cloak of the Sea (worn) {rPois rC+ Int-2 Dex+3}
   (You found it on level 2 of the Spider Nest)

   It affects your intelligence (-2).
   It affects your dexterity (+3).
   It protects you from cold.
   It protects you from poison.
 F - the +0 pair of fencer's gloves (worn) {Riposte Dex+3}
   (You found it on level 2 of the Spider Nest)

   It affects your dexterity (+3).
 I - a +2 hat of magic resistance (worn)
Jewellery
 e - an uncursed ring of protection from cold
 l - an uncursed ring of protection from magic
 m - an uncursed ring of see invisible
 n - an uncursed ring of stealth
 p - an uncursed ring of poison resistance
 q - a +3 ring of evasion (left hand)
 t - an amulet of rage (around neck)
 K - the ring of Resumed Hostilities (right hand) {rF+ rC++ MR- Str+6 Stlth+}
   (You found it on level 6 of the Lair of Beasts)

   [ring of strength]

   It affects your strength (+6).
   It protects you from fire.
   It greatly protects you from cold.
   It affects your resistance to hostile enchantments.
   It makes you more stealthy.
 P - an uncursed ring of resist corrosion {unknown}
Wands
 a - a wand of acid (35)
 B - a wand of disintegration (11)
 C - a wand of digging (12)
 H - a wand of enslavement (9)
 M - a wand of polymorph (31)
 R - a wand of paralysis (5)
Scrolls
 j - 8 scrolls of remove curse
 k - 3 scrolls of identify
 w - 4 scrolls of magic mapping
 x - 11 scrolls of teleportation
 D - a scroll of enchant armour
 G - a scroll of blinking
 J - 2 scrolls of summoning
 L - a scroll of fog
 Q - a scroll of fear
Potions
 b - 11 potions of curing
 d - a potion of ambrosia
 f - a potion of haste
 g - 9 potions of flight
 h - a potion of might
 i - 8 potions of heal wounds
 o - a potion of cancellation
 s - 2 potions of magic
 u - 10 potions of brilliance
 N - 2 potions of mutation
 O - 3 potions of invisibility
 T - 2 potions of agility
Comestibles
 c - 19 rations


   Skills:
 + Level 11.4 Fighting
 + Level 19.1 Axes
 + Level 12.8 Armour
 + Level 13.2 Dodging
 - Level 2.4 Stealth
 - Level 4.0 Shields
 + Level 17.9 Invocations
 + Level 13.6 Evocations


You had 16 spell levels left.
You didn't know any spells.
Your spell library contained the following spells:

 Spells                   Type           Power        Failure   Level  Hunger
 Animate Skeleton         Necr           N/A          95%         1    ##.....
 Magic Dart               Conj           #...         95%         1    ##.....
 Pain                     Necr           #...         95%         1    ##.....
 Sandblast                Erth           #.....       95%         1    ##.....
 Shock                    Conj/Air       #...         95%         1    ##.....
 Blink                    Tloc           N/A          99%         2    ###....
 Call Imp                 Summ           #.......     99%         2    ###....
 Corpse Rot               Necr           N/A          99%         2    ###....
 Poisonous Vapours        Pois/Air       #.....       99%         2    ###....
 Searing Ray              Conj           #.....       99%         2    ###....
 Slow                     Hex            #.......     99%         2    ###....
 Swiftness                Chrm/Air       #.......     99%         2    ###....
 Conjure Flame            Conj/Fire      #.......     100%        3    ####...
 Dazzling Spray           Conj/Hex       #.....       100%        3    ####...
 Mephitic Cloud           Conj/Pois/Air  #.......     100%        3    ####...
 Static Discharge         Conj/Air       #.......     100%        3    ####...
 Stone Arrow              Conj/Erth      #.....       100%        3    ####...
 Vampiric Draining        Necr           #.........   100%        3    ####...
 Airstrike                Air            #.........   100%        4    #####..
 Animate Dead             Necr           N/A          100%        4    #####..
 Force Lance              Conj/Tloc      #.......     100%        4    #####..
 Fulminant Prism          Conj/Hex       #.........   100%        4    #####..
 Iskenderun's Mystic Bla  Conj           #.......     100%        4    #####..
 Leda's Liquefaction      Hex/Erth       #.........   100%        4    #####..
 Irradiate                Conj/Tmut      #.........   100%        5    ######.
 Lightning Bolt           Conj/Air       #.........   100%        5    ######.
 Summon Forest            Summ/Tloc      #.........   100%        5    ######.
 Freezing Cloud           Conj/Ice/Air   #.........   100%        6    #######
 Hydra Form               Tmut           #.........   100%        6    #######
 Iron Shot                Conj/Erth      #.........   100%        6    #######
 Statue Form              Tmut/Erth      #........    100%        6    #######
 Dragon Form              Tmut           #.........   100%        7    #######
 Ring of Flames           Chrm/Fire      #.........   100%        7    #######
 Summon Hydra             Summ           #.........   100%        7    #######
 Regeneration             Chrm/Necr      Unusable     N/A         3    N/A

Dungeon Overview and Level Annotations

Branches:
Dungeon (15/15)            Temple (1/1) D:7            Lair (6/6) D:11
  Swamp (4/4) Lair:3       Spider (3/4) Lair:2        Slime (0/5) Lair:5
    Orc (2/2) D:9             Elf (0/3) Orc:2        Vaults (0/5) D:14
 Depths (0/5) D:15

Altars:
Ashenzari
Cheibriados
Dithmenos
Elyvilon
Fedhas
Gozag
Hepliaklqana
Kikubaaqudgha
Makhleb
Nemelex Xobeh
Okawaru
Qazlal
Ru
Sif Muna
Trog
Uskayaw
Vehumet
Wu Jian
Xom
Yredelemnul
Zin
The Shining One
Beogh
Jiyva

Shops:
D:13 *   Orc:2 *???


Innate Abilities, Weirdness & Mutations

You are resistant to damage.
You can heal yourself by infusing magical energy.
You resist negative energy. (rN+)
You passively map the area around you.
You do not regenerate.


Message History

The jumping spider leaps!
An orb of destruction comes into view.
You completely miss the jumping spider.
The jumping spider is almost dead.
The jumping spider barely misses you. The jumping spider closely misses you.
The orb of destruction hits a rock wall.
Unknown command.
The jumping spider leaps!
The orb spider weaves a glowing orb of energy.
The orb spider spins a strand of pure energy.
An orb of destruction comes into view.
The wavering orb of destruction hits you!!!
* * * LOW HITPOINT WARNING * * *
The orb spider weaves a glowing orb of energy.
An orb of destruction comes into view.
The jumping spider leaps!
The orb spider pulsates with a strange energy.
There is a stone staircase leading up here.
The orb of destruction hits you!!!
You die...

* ,, , , , ,, * , *,, ,*
* * ** ,* ,, , * , , , *
,#...... , ,, . *.......
, , ...##..... #####
...#.....######○@.# *
...#...%##^.#.○.°.# ,
...#...%#..○#s.°s##...
...........<...........,
*
....†††..........s.....
....†.†.†††............
...†††###.†............
.(...s..##########....^,
.#..........^ ,,,*#####
*


You could see 2 orb spiders and a jumping spider.

Vanquished Creatures
  Saint Roka (Orc:2)
  Arachne (Spider:2)
  Nikola (Swamp:4)
  Rupert (D:13)
  Jorgrun (Orc:2)
  Kirke (D:15)
  5 thorn hunters
  Roxanne (Spider:2)
  The ghost of Icrai the Impaler, an adept MfFi of Ashenzari (Spider:2)
  The ghost of MachJacob the Fencer, a journeyman MiFi of Wu Jian (Swamp:1)
  Louise (Spider:2)
  An emperor scorpion (Spider:2)
  4 entropy weavers
  A dire elephant (D:15)
  An ettin (D:12)
  Josephine (D:15)
  Fannar (D:12)
  30 hydras
  6 shambling mangroves
  A ghost crab (Swamp:3)
  2 centaur warriors
  A catoblepas (Lair:2)
  7 two-headed ogres
  13 alligators
  A tengu warrior (D:14)
  Urug (D:13)
  The ghost of Jabberih the Destroyer, a novice DrCj of Vehumet (Lair:1)
  Sonja (D:13)
  A spriggan berserker (Swamp:4)
  Nergalle (D:10)
  7 swamp dragons
  Pikel (D:6)
  A wizard (D:14)
  A lindwurm (D:11)
  3 orc knights
  2 deep elf magi
  7 orc sorcerers
  7 ugly things
  3 oklob plants (Lair:3)
  7 orb spiders
  3 cyclopes
  24 wolf spiders
  A salamander (D:15)
  3 manticores
  5 black mambas
  A moth of wrath (Spider:2)
  5 elephants (Lair:6)
  2 torpor snails
  Psyche (D:8)
  The ghost of Morbidden the Chopper, a novice FoFi (D:4)
  6 gargoyles
  2 rime drakes
  14 spiny frogs
  3 demonic crawlers
  2 kobold demonologists (D:15)
  An efreet (D:14)
  7 komodo dragons
  A harpy zombie (D:15)
  8 trolls
  17 hornets
  30 jumping spiders
  6 polar bears (Lair:6)
  Prince Ribbit (Lair:1)
  11 tyrant leeches
  5 hippogriffs
  7 blink frogs
  9 bog bodies
  12 dream sheep
  45 redbacks
  2 shadows
  3 wraiths (D:15)
  15 spriggans
  20 tarantellas
  4 wyverns
  46 yaks
  10 hogs
  4 hungry ghosts
  3 basilisks
  8 vampire mosquitoes
  17 humans
  Edmund (D:6)
  13 swamp worms
  14 insubstantial wisps
  14 wargs
  An acid dragon (D:15)
  11 water moccasins
  8 porcupines
  21 orc warriors
  3 phantoms
  21 swamp drakes
  2 sky beasts
  An ice beast (D:14)
  4 black bears
  10 ogres
  2 necrophages
  4 boggarts (Lair:6)
  23 centaurs
  2 eyes of draining
  20 wolves
  13 crocodiles
  8 big kobolds
  18 bullfrogs
  Blork the orc (D:6)
  8 scorpions
  16 killer bees
  7 electric eels
  14 wights
  2 howler monkeys
  6 centaur zombies
  5 crimson imps
  9 jellies
  2 quasits
  A bullfrog zombie (D:11)
  7 centaur skeletons
  A gnoll shaman (D:4)
  9 hounds
  16 orc priests
  5 bullfrog skeletons
  41 orc wizards
  3 iguanas
  15 worker ants
  2 hell rats (Lair:4)
  A hound zombie (D:10)
  2 hound skeletons
  3 worker ant zombies
  4 gnolls (D:4)
  20 adders
  14 river rats
  2 shadow imps
  An ooze (D:3)
  2 adder skeletons
  An adder zombie (D:5)
  A worm (D:2)
  2 dart slugs (D:1)
  2 leopard geckos
  100 orcs
  7 giant cockroaches
  7 goblins
  13 hobgoblins
  10 jackals
  30 kobolds
  5 quokkas
  5 ball pythons
  16 bats
  4 frilled lizards
  A jackal zombie (D:7)
  A quokka skeleton (D:6)
  15 rats
  A briar patch (Swamp:4)
  A butterfly (Lair:3)
  2 fungi (Lair:6)
  2 plants (Lair:6)
1153 creatures vanquished.

Vanquished Creatures (collateral kills)
  A rime drake (Lair:4)
1 creature vanquished.

Vanquished Creatures (others)
  A spriggan berserker (Swamp:4)
  A spiny frog (Swamp:3)
  A jumping spider (Spider:3)
  A hippogriff (D:11)
  A sky beast (D:6)
  A slave (D:6)
  A scorpion (D:11)
  A crimson imp (D:6)
  An orc (Orc:2)
  A quokka (D:6)
  2 briar patches (Swamp:2)
  A bush (D:10)
  7 fungi
  6 plants
26 creatures vanquished.

Grand Total: 1180 creatures vanquished

Notes
Turn   | Place    | Note
-------+----------+-------------------------------------------
     0 | D:1      | CedricTheThird the Deep Dwarf Monk began the quest for the
                  | Orb.
     0 | D:1      | Reached XP level 1. HP: 20/20 MP: 1/1
    55 | D:1      | Reached XP level 2. HP: 21/27 MP: 2/2
    56 | D:1      | Reached skill level 4 in Axes
   291 | D:1      | Reached XP level 3. HP: 19/33 MP: 3/3
   661 | D:2      | Reached skill level 5 in Axes
  1352 | D:3      | Reached XP level 4. HP: 25/40 MP: 4/4
  1601 | D:3      | Reached skill level 6 in Axes
  1604 | D:3      | Reached XP level 5. HP: 32/46 MP: 5/5
  1735 | D:3      | Found a faded altar of an unknown god.
  1905 | D:4      | Reached skill level 7 in Axes
  1967 | D:4      | Reached XP level 6. HP: 43/55 MP: 5/5
  1990 | D:4      | Found a glowing drain.
  2039 | Sewer    | Entered a sewer
  2068 | Sewer    | Reached skill level 8 in Axes
  2192 | Sewer    | Found a white marble altar of Elyvilon.
  2202 | Sewer    | Became a worshipper of Elyvilon the Healer
  2202 | Sewer    | Reached * piety under Elyvilon
  2202 | Sewer    | Reached ** piety under Elyvilon
  2331 | D:4      | Reached skill level 1 in Invocations
  2337 | D:4      | Reached XP level 7. HP: 43/61 MP: 5/7
  2412 | D:4      | Reached skill level 9 in Axes
  2836 | D:4      | Found a runed translucent door.
  2839 | D:4      | Noticed Morbidden's ghost (novice FoFi)
  2881 | D:4      | Killed Morbidden's ghost
  2881 | D:4      | Reached skill level 10 in Axes
  2881 | D:4      | Reached XP level 8. HP: 38/68 MP: 8/10
  3020 | D:5      | Entered Level 5 of the Dungeon
  3116 | D:5      | Reached skill level 5 in Invocations
  3439 | D:6      | Reached skill level 11 in Axes
  3441 | D:6      | Noticed Pikel
  3476 | D:6      | Killed Pikel
  3476 | D:6      | Gained mutation: You passively map the area around you.
                  | [Deep Dwarf growth]
  3476 | D:6      | Reached XP level 9. HP: 51/74 MP: 11/13
  3495 | D:6      | Reached skill level 12 in Axes
  3622 | D:6      | Reached *** piety under Elyvilon
  3624 | D:6      | Noticed Edmund
  3625 | D:6      | Found a sparkling altar of Nemelex Xobeh.
  3636 | D:6      | Killed Edmund
  3695 | D:6      | You fall through a shaft for 3 floors!
  3808 | D:7      | Found a hazy altar of Hepliaklqana.
  3828 | D:7      | Reached skill level 13 in Axes
  3839 | D:7      | Identified the Volume of Earth
  4207 | D:6      | Reached XP level 10. HP: 81/81 MP: 15/15
  4243 | D:6      | Noticed Blork the orc
  4251 | D:6      | Killed Blork the orc
  4663 | D:7      | Found a sparkling altar of Nemelex Xobeh.
  4675 | D:7      | Found a staircase to the Ecumenical Temple.
  4718 | D:7      | Got a polished whip
  4727 | D:7      | Got a warped leather armour
  4745 | D:7      | Identified the cursed +1 leather armour "Wucesua" {rF+}
                  | (You found it on level 7 of the Dungeon)
  4746 | Temple   | Entered the Ecumenical Temple
  4748 | Temple   | Identified the +7 whip of Responsibility {venom, rC+} (You
                  | found it on level 7 of the Dungeon)
  5210 | D:7      | Reached skill level 10 in Invocations
  5334 | D:8      | Reached skill level 14 in Axes
  5652 | D:8      | Reached **** piety under Elyvilon
  5685 | D:8      | Noticed Psyche
  5692 | D:8      | Killed Psyche
  6230 | D:9      | Found a staircase to the Orcish Mines.
  6721 | D:10     | Entered Level 10 of the Dungeon
  6770 | D:10     | Reached skill level 15 in Axes
  6791 | D:10     | Noticed a two-headed ogre
  6868 | D:10     | Reached XP level 11. HP: 36/88 MP: 15/15
  7052 | D:10     | Noticed a deep elf mage
  7054 | D:10     | Noticed a sixfirhy
  7108 | D:10     | Noticed Nergalle
  7126 | D:10     | Killed Nergalle
  7126 | D:10     | Reached skill level 1 in Armour
  7126 | D:10     | Reached skill level 1 in Shields
  7437 | D:10     | Killed a two-headed ogre
  7591 | D:10     | Killed a deep elf mage
  7617 | D:10     | You fall through a shaft!
  7635 | D:11     | Noticed a death yak
  7652 | D:11     | Pacified a death yak
  7661 | D:11     | Found a staircase to the Lair.
  7670 | Lair:1   | Entered Level 1 of the Lair of Beasts
  7906 | Lair:1   | Got a crude hand axe
  7907 | Lair:1   | Identified the +6 hand axe of Wed Wegi {antimagic, Int+4}
                  | (You found it on level 1 of the Lair of Beasts)
  8035 | Lair:1   | Found a runed translucent gate.
  8035 | Lair:1   | Found a runed translucent gate.
  8035 | Lair:1   | Found a runed translucent gate.
  8036 | Lair:1   | Noticed Jabberih's ghost (novice DrCj)
  8037 | Lair:1   | Noticed an 11-headed hydra
  8152 | D:11     | Reached skill level 5 in Dodging
  8186 | D:11     | Reached skill level 16 in Axes
  8449 | Lair:1   | Noticed Prince Ribbit
  8468 | Lair:1   | Reached XP level 12. HP: 69/100 MP: 15/15
  8570 | Lair:1   | Killed an 11-headed hydra
  8590 | Lair:1   | Killed Jabberih's ghost
  9131 | Lair:1   | Killed Prince Ribbit
  9131 | Lair:1   | Reached skill level 5 in Fighting
  9209 | Lair:2   | Noticed a seven-headed hydra
  9233 | Lair:1   | Killed a seven-headed hydra
  9276 | Lair:2   | Noticed a catoblepas
  9294 | Lair:2   | Noticed an eight-headed hydra
  9306 | Lair:1   | Reached skill level 5 in Armour
  9455 | D:11     | Noticed a two-headed ogre
  9458 | D:11     | a two-headed ogre changed into a swamp worm
  9488 | D:11     | Noticed a two-headed ogre
  9492 | D:11     | a two-headed ogre changed into a lindwurm
  9632 | D:11     | Got a transparent chain mail
  9648 | D:11     | Identified the +4 chain mail "Nuit" {rPois rF+ Str-5 Dex+8}
                  | (You found it on level 11 of the Dungeon)
  9949 | D:12     | Noticed Fannar
  9977 | D:12     | Killed Fannar
 10123 | D:12     | Reached skill level 1 in Evocations
 10309 | D:12     | Noticed a two-headed ogre
 10321 | D:12     | Killed a two-headed ogre
 10355 | D:12     | Noticed an ettin
 10399 | D:12     | Noticed a two-headed ogre
 10410 | D:12     | Killed a two-headed ogre
 10561 | D:12     | Killed an ettin
 10912 | D:13     | Reached XP level 13. HP: 80/111 MP: 16/16
 10972 | D:13     | Found Ihin's General Store.
 11008 | D:13     | Noticed Rupert
 11036 | D:13     | Noticed Urug
 11064 | D:13     | Killed Rupert
 11090 | D:13     | Killed Urug
 11237 | D:13     | Noticed Sonja
 11252 | D:13     | Killed Sonja
 11488 | D:14     | Found a gate to the Vaults.
 11532 | D:14     | Reached skill level 5 in Evocations
 12165 | D:14     | Found a shadowy altar of Dithmenos.
 12180 | D:14     | Reached skill level 17 in Axes
 12412 | D:15     | Entered Level 15 of the Dungeon
 12718 | D:15     | Gained mutation: You resist negative energy. (rN+) [Deep
                  | Dwarf growth]
 12718 | D:15     | Reached XP level 14. HP: 103/123 MP: 17/17
 12726 | D:15     | Got a faintly humming helmet
 12729 | D:15     | Identified the +1 helmet of Diuw {MR+} (You found it on
                  | level 15 of the Dungeon)
 12871 | D:15     | Noticed Kirke
 12947 | D:15     | Killed Kirke
 13382 | D:15     | Found a staircase to the Depths.
 13500 | D:15     | Noticed Josephine
 13512 | D:15     | Killed Josephine
 14243 | Lair:2   | Found a hole to the Spider Nest.
 15056 | Lair:3   | Reached ***** piety under Elyvilon
 15087 | Lair:3   | Found a staircase to the Swamp.
 15265 | Lair:3   | Reached skill level 15 in Invocations
 15800 | Lair:4   | Identified 2 scrolls of acquirement
 15898 | Lair:4   | Reached skill level 10 in Dodging
 17020 | Lair:5   | Found a staircase to the Slime Pits.
 17030 | Lair:5   | Found a viscous altar of Jiyva.
 17308 | Lair:6   | Entered Level 6 of the Lair of Beasts
 17356 | Lair:6   | Reached XP level 15. HP: 88/134 MP: 19/19
 17558 | Lair:6   | Reached skill level 10 in Armour
 18109 | Lair:6   | Got a wavering copper ring
 18309 | Lair:6   | Identified the ring of Resumed Hostilities {rF+ rC++ MR-
                  | Str+6 Stlth+} (You found it on level 6 of the Lair of
                  | Beasts)
 18584 | Orc:1    | Entered Level 1 of the Orcish Mines
 18858 | Orc:1    | Reached skill level 10 in Evocations
 19051 | Orc:2    | Entered Level 2 of the Orcish Mines
 19053 | Orc:2    | Noticed Saint Roka
 19098 | Orc:2    | Killed Saint Roka
 19483 | Orc:2    | Reached skill level 18 in Axes
 19620 | Orc:2    | Noticed Jorgrun
 19641 | Orc:2    | Killed Jorgrun
 19729 | Orc:2    | Found a staircase to the Elven Halls.
 19783 | Orc:2    | Found Fawkes's Assorted Antiques.
 19783 | Orc:2    | Found Xeus's Magic Scroll Boutique.
 19833 | Orc:2    | Found a roughly hewn altar of Beogh.
 19841 | Orc:2    | Found Piv Atas's Magic Scroll Shoppe.
 19841 | Orc:2    | Found Miesyvat's Magic Scroll Boutique.
 20190 | Swamp:1  | Entered Level 1 of the Swamp
 20195 | Swamp:1  | Found a runed translucent gate.
 20196 | Swamp:1  | Found a runed translucent gate.
 20270 | Swamp:1  | Found a runed translucent gate.
 20272 | Swamp:1  | Noticed MachJacob's ghost (journeyman MiFi)
 20302 | Swamp:1  | Killed MachJacob's ghost
 20314 | Swamp:1  | Got a scintillating copper amulet
 20316 | Swamp:1  | Identified the amulet "Culam" {Harm *Drain MR+ Str+5 Dex-5
                  | Stlth+} (You found it on level 1 of the Swamp)
 20579 | Swamp:1  | Reached XP level 16. HP: 101/145 MP: 21/21
 21101 | Swamp:2  | Noticed a thorn hunter
 21193 | Swamp:2  | Killed a thorn hunter
 21220 | Swamp:2  | Reached skill level 10 in Fighting
 21479 | Swamp:2  | Found a sacrificial altar of Ru.
 22422 | Swamp:3  | Noticed a thorn hunter
 22435 | Swamp:3  | Killed a thorn hunter
 22655 | Swamp:4  | Entered Level 4 of the Swamp
 22926 | Swamp:4  | Noticed a thorn hunter
 22935 | Swamp:4  | Noticed a thorn hunter
 22943 | Swamp:4  | Killed a thorn hunter
 22964 | Swamp:4  | Killed a thorn hunter
 23446 | Swamp:4  | Noticed Nikola
 23493 | Swamp:4  | Killed Nikola
 23502 | Swamp:4  | Reached XP level 17. HP: 120/154 MP: 18/18
 23629 | Swamp:4  | Got a decaying rune of Zot
 24156 | Spider:1 | Entered Level 1 of the Spider Nest
 25846 | Spider:2 | Noticed Louise
 25854 | Spider:2 | Killed Louise
 25870 | Spider:2 | Found a runed translucent gate.
 25870 | Spider:2 | Found a runed translucent gate.
 25872 | Spider:2 | Found a runed translucent gate.
 25874 | Spider:2 | Noticed Icrai's ghost (adept MfFi)
 25875 | Spider:2 | Found the +0 pair of fencer's gloves {Riposte Dex+3}
 25941 | Spider:2 | Noticed Arachne
 25970 | Spider:2 | Killed Arachne
 26084 | Spider:2 | Killed Icrai's ghost
 26093 | Spider:2 | Got a heavily runed cloak
 26096 | Spider:2 | Got a sparkling bronze amulet
 26126 | Spider:2 | Identified the +2 cloak of the Sea {rPois rC+ Int-2 Dex+3}
                  | (You found it on level 2 of the Spider Nest)
 26128 | Spider:2 | Identified an amulet "Niholitunt" {Inacc rPois Int+3 Dex+3}
                  | (You found it on level 2 of the Spider Nest)
 26147 | Spider:2 | Reached skill level 19 in Axes
 26386 | Spider:2 | Identified Roxanne's Volume of Transmigration
 26386 | Spider:2 | Noticed Roxanne
 26418 | Spider:2 | Killed Roxanne
 26813 | Spider:3 | Blown up by an orb spider

Skill      XL: |  1  2  3  4  5  6  7  8  9 10 11 12 13 14 15 16 17 |
---------------+----------------------------------------------------+-----
Axes           | 4 5 6 7 8 10 11 13 15 16 17 18 19 | 19.1
Invocations    | 1 4 7 9 11 12 13 14 15 16 17 | 17.9
Armour         | 3 6 8 9 10 11 12 | 12.8
Shields        | 3 4 |  4.0
Fighting       | 4 6 7 8 9 10 11 | 11.4
Dodging        | 5 7 8 10 11 12 13 | 13.2
Evocations     | 3 6 9 11 12 13 | 13.6
Stealth        | |  2.4

Action                   |  1- 3 |  4- 6 |  7- 9 | 10-12 | 13-15 | 16-18 || total
-------------------------+-------+-------+-------+-------+-------+-------++-------
Melee: Hand axe          |   140 |   200 |   435 |    56 |       |       ||   831
       Whip              |       |       |       |   226 |    56 |       ||   282
       War axe           |       |       |       |   529 |       |       ||   529
       Broad axe         |       |       |       |   302 |  1622 |  1125 ||  3049
Invok: Lesser Healing    |       |       |    38 |   153 |   233 |   135 ||   559
       Greater Healing   |       |       |       |     3 |    17 |     4 ||    24
       Heal Other        |       |       |       |     1 |     2 |       ||     3
       Purification      |       |       |       |       |     1 |       ||     1
       Divine Vigour     |       |       |       |       |     1 |       ||     1
       Divine Protection |       |       |       |       |       |     1 ||     1
 Abil: Heal Wounds       |     1 |     6 |     6 |    23 |     5 |    31 ||    72
       Evoke Berserk Rag |       |       |       |       |     3 |     7 ||    10
Evoke: Wand              |       |       |     3 |    15 |    36 |    13 ||    67
  Use: Scroll            |     5 |     7 |     1 |    21 |    12 |    19 ||    65
       Potion            |       |     1 |       |     9 |     9 |     4 ||    23
 Stab: Sleeping          |     6 |     1 |     2 |     5 |       |       ||    14
       Paralysed         |       |       |     7 |     6 |    15 |    11 ||    39
       Confused          |       |       |       |       |     1 |       ||     1
       Held in net/web   |       |       |       |       |       |     1 ||     1
  Eat: Chunk             |     1 |     3 |     9 |    24 |    53 |       ||    90
       Ration            |       |       |     1 |    11 |     8 |    15 ||    35
Armor: Robe              |    15 |       |       |       |       |       ||    15
       Ring mail         |    22 |    72 |    98 |   241 |       |       ||   433
       Chain mail        |       |       |       |    77 |   358 |       ||   435
       Skin              |       |       |       |    15 |    34 |       ||    49
       Plate armour      |       |       |       |       |   283 |   699 ||   982
Dodge: Dodged            |   101 |   104 |   225 |   562 |   827 |   777 ||  2596
Block: Buckler           |       |       |       |   121 |   359 |   252 ||   732
       Rpst.: Broad axe  |       |       |       |       |       |    28 ||    28
